 Dungeon Crawl Stone Soup version 0.21-a0-286-g6fcecc0 (webtiles) character file.

13 tidbits the Insei (level 2, 0/22 HPs)
             Began as a Demigod Transmuter on Sept 27, 2017.
             Slain by a kobold
             ... wielding a +0 short sword
              (2 damage)
             ... on level 1 of the Dungeon.
             The game lasted 00:01:35 (242 turns).

tidbits the Insei (Demigod Transmuter)               Turns: 242, Time: 00:01:36

Health: 0/22       AC:  2    Str: 13    XL:     2   Next: 12%
Magic:  4/7        EV: 12    Int: 17    God:
Gold:   10         SH:  0    Dex: 16    Spells: 2/5 levels left

rFire    . . .     SeeInvis .     - Unarmed
rCold    . . .     Gourm    .   (no shield)
rNeg     . . .     Faith    .   b - +0 robe
rPois    .         Spirit   .   (no helmet)
rElec    .         Reflect  .   (no cloak)
rCorr    .         Harm     .   (no gloves)
MR       .....                  (boots currently unavailable)
Stlth    +.........             (no amulet)
HPRegen  0.07/turn              (no ring)
MPRegen  0.10/turn              (no ring)

@: appendage
A: talons 3, high mp 1
a: End Transformation


You were on level 1 of the Dungeon.
You were not hungry.
You had grown temporary talons.
You visited 1 branch of the dungeon, and saw 1 of its levels.

You collected 10 gold pieces.

Inventory:

Missiles
 a - 11 arrows
 e - 78 stones (quivered)
Armour
 b - a +0 robe (worn)
Scrolls
 f - a scroll of identify {unknown}
Potions
 g - a potion of ambrosia {unknown}
Books
 c - a book of Changes

   Spells                             Type                      Level
   a - Beastly Appendage              Transmutation                1
   b - Sticks to Snakes               Transmutation                2
   c - Spider Form                    Transmutation/Poison         3
   d - Ice Form                       Ice/Transmutation            4
   e - Blade Hands                    Transmutation                5
Comestibles
 d - a bread ration


   Skills:
 - Level 0.8 Fighting
 - Level 1.7 Dodging
 * Level 2.9 Unarmed Combat
 - Level 2.0 Spellcasting
 + Level 2.1 Transmutations


You had 2 spell levels left.
You knew the following spells:

 Your Spells              Type           Power        Failure   Level  Hunger
e - Beastly Appendage     Tmut           #.....       9%          1    #......
k - Sticks to Snakes      Tmut           #.......     12%         2    ###....


Dungeon Overview and Level Annotations

Branches:
Dungeon (1/15)


Innate Abilities, Weirdness & Mutations

You have an increased reservoir of magic. (+10% MP)
You have claws for feet.


Message History

Wield which item (- for none, * to show all)? (? for menu, Esc to quit)
Okay, then.
The bat hits you but does no damage.
Casting: Beastly Appendage
Confirm with . or Enter, or press ? or * to list all spells.
Your feet morph into talons.
The bat hits you but does no damage. x2
Wield which item (- for none, * to show all)? (? for menu, Esc to quit)
You are now empty-handed.
The bat barely misses you. The bat closely misses you.
The bat closely misses you.
You miss the bat. The bat barely misses you.
You hit the bat but do no damage. The bat barely misses you.
The bat closely misses you.
You hit the bat.
You kill the bat!
The bat barely misses you. The bat misses you.
You hit the bat.
You kill the bat!
You have reached level 2!
Wield which item (- for none, * to show all)? (? for menu, Esc to quit)
a - 12 arrows (in hand)
You swing at nothing.
You swing at nothing.
You swing at nothing.
You swing at nothing.
You swing at nothing.
Your transformation is almost over.
Memorise Sticks to Snakes, consuming 2 spell levels and leaving 2?
You start memorising the spell.
You continue memorising. x2
You finish memorising.
Spell assigned to 'k'.
You found a teleport trap!
Your talons disappear.
The goblin shouts!
Casting: Beastly Appendage
Confirm with . or Enter, or press ? or * to list all spells.
You grow a pair of large bovine horns.
Found 15 stones.
Really attack while wielding your 12 arrows? [Y]es or [N]o only, please.
Really attack while wielding your 12 arrows?
Okay, then.
Wield which item (- for none, * to show all)? (? for menu, Esc to quit)
You are now empty-handed.
The goblin closely misses you.
You closely miss the goblin. You headbutt the goblin.
You kill the goblin!
Your transformation is almost over.
f - a scroll labeled BUZUUSTU KOQO Your horns disappear.
Found 10 gold pieces.
e - 78 stones (gained 15)
You now have 10 gold pieces.
A hobgoblin comes into view. It is wielding a club.
Casting: Beastly Appendage
Confirm with . or Enter, or press ? or * to list all spells.
You grow a pair of large bovine horns.
You barely miss the hobgoblin. The hobgoblin hits you with a club.
* * * LOW HITPOINT WARNING * * *
You barely miss the hobgoblin. You headbutt the hobgoblin.
You kill the hobgoblin!
A kobold comes into view. It is wielding a short sword.
Things that are here:
a club; a hobgoblin corpse Wield which item (- for none, * to show all)? (? for menu, Esc to quit)
a - 12 arrows (in hand)
You swing at nothing.
You swing at nothing.
You swing at nothing.
You swing at nothing.
Your transformation is almost over.
Wield which item (- for none, * to show all)? (? for menu, Esc to quit)
You are now empty-handed.
Things that are here:
a club; a hobgoblin corpse
Found a sapphire potion.
g - a sapphire potion
There are no items here.
A bat comes into view.
The bat barely misses you.
A jackal comes into view.
The bat hits you.
* * * LOW HITPOINT WARNING * * *
Casting: Beastly Appendage
Confirm with . or Enter, or press ? or * to list all spells.
You create a snake!
You now have 11 arrows.
Your horns disappear.
The bat closely misses you. The bat hits you.
* * * LOW HITPOINT WARNING * * *
The kobold hits you but does no damage.
Casting: Sticks to Snakes
Confirm with . or Enter, or press ? or * to list all spells.
Your feet morph into talons.
The bat hits you.
* * * LOW HITPOINT WARNING * * *
The kobold hits you with a short sword.
* * * LOW HITPOINT WARNING * * *
You closely miss the kobold. You claw the kobold.
The kobold is heavily wounded.
The bat hits you.
* * * LOW HITPOINT WARNING * * *
The kobold hits you with a short sword.
You die...

#.#..##.###.# #
#........##.##### ##
###......#.##...## .
#####.#.##.#....##
#.#.....#.##.#.)..#.
###.#.###.#..#.'......
#...b...#.####.#....#.
#.#.#.#.#)####.#....##
#@.......#.##...##
#KS.....###.#####
#....##..# . #
........#..# . #
###...#.#..# #. #
##..#..#.# # #.......#
#### ##h


You could see a jackal (sleeping), a bat, a kobold and a friendly ball python.

Vanquished Creatures
  A dart slug (D:1)
  3 goblins (D:1)
  3 hobgoblins (D:1)
  2 bats (D:1)
  A kobold (D:1)
10 creatures vanquished.

Notes
Turn   | Place    | Note
-------+----------+-------------------------------------------
     0 | D:1      | tidbits the Demigod Transmuter began the quest for the Orb.
     0 | D:1      | Reached XP level 1. HP: 15/15 MP: 5/5
    68 | D:1      | Reached skill level 2 in Spellcasting
   124 | D:1      | Reached skill level 2 in Transmutations
   170 | D:1      | Reached XP level 2. HP: 11/22 MP: 5/7
   180 | D:1      | Learned a level 2 spell: Sticks to Snakes
   242 | D:1      | HP: 2/22 [bat (1)]
   242 | D:1      | Slain by a kobold

Vault maps used:
D:1:      dpeg_arrival_morbid_curiosity

Skill      XL: |  1 |
---------------+----+-----
Spellcasting   | 2 |  2.0
Transmutations | 2 |  2.1
Fighting       | |  0.8
Dodging        | |  1.7
Unarmed Combat | |  2.9

Action                   || total
-------------------------++-------
Melee: Unarmed           ||    24
       Kick              ||     4
       Headbutt          ||     4
 Cast: Beastly Appendage ||     8
       Sticks to Snakes  ||     1
Armor: Robe              ||     5
Dodge: Dodged            ||    17

Table legend:
 A = Spawn XP
 B = Non-spawn XP
 C = Spawn XP percentage of total XP
 D = Spawn monster count
 E = Non-spawn monster count
 F = Spawn count percentage of total count
 G = Total turns spent on level
                    A         B        C        D         E        F      G
               +---------+---------+-------+---------+---------+-------+---------
         Total |       0 |      19 |   0.0 |       0 |      10 |   0.0 |   242
               +---------+---------+-------+---------+---------+-------+---------
           D:1 |       0 |      19 |   0.0 |       0 |      10 |   0.0 |   242
               +---------+---------+-------+---------+---------+-------+---------

Table legend:
 A = Turns spent in this place as a percentage of turns spent in the entire game.
 B = Non-inter-level travel turns spent in this place as a percentage of non-inter-level travel turns spent in the entire game.
 C = Inter-level travel turns spent in this place as a percentage of turns spent in this place.
 D = Turns resting spent in this place as a percentage of non-inter-level travel turns spent in this place.
 E = Turns spent auto-exploring this place as a percentage of non-inter-level travel turns spent in this place.
 F = Non-inter-level travel turns spent in this place divided by the number of levels of this place that you've seen.
                   A       B       C       D       E      F
               +-------+-------+-------+-------+-------+----------------------
         Total | 100.0 | 100.0 |   0.0 |   0.0 |   0.0 | 242.0
       Dungeon | 100.0 | 100.0 |   0.0 |   0.0 |   0.0 | 242.0
               +-------+-------+-------+-------+-------+----------------------

Table legend:
 A = Kills in this place as a percentage of kills in entire the game.
 B = Kills by you in this place as a percentage of kills by you in the entire game.
 C = Kills by friends in this place as a percentage of kills by friends in the entire game.
 D = Other kills in this place as a percentage of other kills in the entire game.
 E = Experience gained in this place as a percentage of experience gained in the entire game.
 F = Experience gained in this place divided by the number of levels of this place that you have seen.
                   A       B       C       D       E      F
               +-------+-------+-------+-------+-------+----------------------
         Total | 100.0 | 100.0 |   N/A |   N/A | 100.0 |  19.0
       Dungeon | 100.0 | 100.0 |   N/A |   N/A | 100.0 |  19.0
               +-------+-------+-------+-------+-------+----------------------

Vault maps used:
D:1:      dpeg_arrival_morbid_curiosity
